General information
- name: BNet
- type: Ladder 1vs1/FFA
- host: Battle.net
- saver: MertoL
map: TwilightRuins
- players: 4
- length: 06:41
- speed: Fast
- version: 1.26 W3XP
- replay type: Public
» download(24 KB)
Players
team 1 (winner)
MertoL (
teal | 44 APM | 293 actions | 06:41)
3 Crypt Lord
2 Carrion Beetles
1 Impale
» actions
| Assign group hotkey | 19 | |
| Basic commands | 29 | |
| Build / train | 17 | |
| ESC pressed | 1 | |
| Enter build submenu | 8 | |
| Enter hero's abilities submenu | 3 | |
| Right click | 51 | |
| Select / deselect | 73 | |
| Select group hotkey | 80 | |
| Use ability | 12 | |
293 total
» units
| Acolyte | 2 | |
| Ghoul | 2 | |
| Crypt Fiend | 6 | |
10 total
» buildings
| Crypt | 1 | |
| Graveyard | 1 | |
| Ziggurat | 4 | |
| Altar of Darkness | 1 | |
| Tomb of Relics | 1 | |
| Nerubian Tower | 2 | |
| Halls of the Dead | 1 | |
11 total
» build order
00:11 Crypt
00:18 Graveyard
00:38 Ziggurat
00:58 Altar of Darkness
01:24 Tomb of Relics
02:03 Ziggurat
02:32 Nerubian Tower
02:32 Nerubian Tower
03:18 Ziggurat
04:18 Halls of the Dead
05:14 Ziggurat
team 2 (loser)
Player 2 (
pink | 56 APM | 296 actions | 05:16)
1 Archmage
1 Blizzard
» actions
| Assign group hotkey | 11 | |
| Basic commands | 2 | |
| Build / train | 21 | |
| Enter build submenu | 12 | |
| Enter hero's abilities submenu | 1 | |
| Right click | 116 | |
| Select / deselect | 69 | |
| Select group hotkey | 39 | |
| Use ability | 25 | |
296 total
» units
» buildings
| Altar of Kings | 1 | |
| Farm | 4 | |
| Lumber Mill | 1 | |
| Arcane Vault | 1 | |
| Keep | 1 | |
| Scout Tower | 3 | |
| Guard Tower | 1 | |
12 total
» build order
00:06 Altar of Kings
00:09 Farm
00:31 Farm
00:32 Farm
00:51 Lumber Mill
01:54 Farm
03:05 Arcane Vault
03:21 Keep
03:33 Scout Tower
03:36 Scout Tower
04:05 Guard Tower
04:07 Scout Tower
» items
team 3 (loser)
Player 3 (
yellow | 75 APM | 401 actions | 05:20)
3 Goblin Alchemist
2 Acid Bomb
1 Healing Spray
» actions
| Assign group hotkey | 15 | |
| Basic commands | 10 | |
| Build / train | 16 | |
| Enter build submenu | 5 | |
| Enter hero's abilities submenu | 3 | |
| Right click | 203 | |
| Select / deselect | 67 | |
| Select group hotkey | 74 | |
| Use ability | 8 | |
401 total
» units
» buildings
| Ziggurat | 2 | |
| Crypt | 1 | |
| Altar of Darkness | 1 | |
| Tomb of Relics | 1 | |
5 total
» build order
00:04 Ziggurat
00:06 Crypt
00:37 Altar of Darkness
00:57 Ziggurat
01:26 Tomb of Relics
team 4 (loser)
Player 4 (
green | 24 APM | 160 actions | 06:39)
1 Archmage
1 Summon Water Elemental
» actions
| Assign group hotkey | 1 | |
| Basic commands | 16 | |
| Build / train | 22 | |
| Enter build submenu | 14 | |
| Enter hero's abilities submenu | 1 | |
| Right click | 32 | |
| Select / deselect | 48 | |
| Select group hotkey | 3 | |
| Use ability | 23 | |
160 total
» units
» buildings
| Altar of Kings | 1 | |
| Farm | 3 | |
| Barracks | 1 | |
| Blacksmith | 1 | |
| Scout Tower | 7 | |
| Arcane Vault | 1 | |
| Arcane Tower | 2 | |
| Town Hall | 1 | |
| Lumber Mill | 1 | |
18 total
» build order
01:15 Altar of Kings
01:30 Farm
01:33 Farm
01:47 Barracks
02:53 Blacksmith
03:01 Farm
03:03 Scout Tower
03:05 Scout Tower
03:06 Scout Tower
04:15 Arcane Vault
04:22 Arcane Tower
04:58 Town Hall
05:06 Scout Tower
05:07 Scout Tower
05:08 Scout Tower
05:10 Scout Tower
05:33 Lumber Mill
06:05 Arcane Tower
Chat log
(00:55 / All) Player 4: holy meat pies
(01:14 / All) MertoL: unholy smokes
(01:28 / All) Player 2: which cheat is this ?
(01:38 / All) Player 4: dunno, you are the one using it
(01:51 / All) Player 4: ?
(02:31 / All) Player 4: great pickled
(02:35 / All) Player 4: onions
(02:45 / All) Player 4: hacked by greatdekar
(03:29 / All) Player 2: lol ?
(03:36 / All) Player 4: lol?
(03:40 / All) Player 2: yellow
(03:42 / All) Player 2: rushes me
(03:45 / All) Player 2: and he is not close
(03:48 / All) Player 3: umad?
(03:54 / All) Player 4: that means he prob maphacks too?
(04:23 / All) Player 2: yellow mh for 100% sure
(04:28 / All) Player 3: umad?
(04:39 / All) Player 2: is is not next to me but runs to the mid and then comes to my base
(04:44 / All) Player 3: UMAD?
(04:45 / All) Player 3: haahahahah
(04:47 / All) Player 2: so why u take all your ghouls and run to me ?
(04:51 / All) Player 2: how did u know i tech ?
(04:54 / All) Player 3: coz i hack
(05:00 / All) Player 2: thats what i said noob
(05:04 / All) Player 2: learn how to play
(05:08 / All) Player 3: so
(05:10 / All) Player 2: dont worry
(05:10 / All) Player 3: UM AD?
(05:12 / All) Player 3: UMAD?
(05:15 / All) Player 2: but care about his mh
(05:24 / All) Player 4: u mh?
(05:36 / All) MertoL: no
(05:36 / All) Player 4: wow
(05:40 / All) Player 4: well i cbf playing a 1v1 on this map
(05:42 / All) Player 4: no fun rly
(05:49 / All) MertoL: i agree
(05:57 / All) Player 4: aka?
(06:24 / All) Player 4: ]aka dude?
(06:35 / All) MertoL: ?